 Dungeon Crawl Stone Soup version 0.23-a0-480-g1869896 (webtiles) character file.

2741 MisterFreud the Grappler (level 9, 0/84 HPs)
             Began as a Troll Hunter on Nov 28, 2018.
             Was an Initiate of Ru.
             Slain by a hornet (8 damage)
             ... while paralysed by a hornet
             ... on level 8 of the Dungeon.
             The game lasted 00:12:58 (6686 turns).

MisterFreud the Grappler (Troll Hunter)             Turns: 6686, Time: 00:12:59

Health: 0/84       AC:  6    Str: 25    XL:     9   Next: 40%
Magic:  0/8        EV:  1    Int:  7    God:    Ru [......]
Gold:   374        SH:  0    Dex: 10    Spells: 8/8 levels left

rFire    . . .     SeeInvis .     - Unarmed
rCold    . . .     Gourm    +   (no shield)
rNeg     . . .     Faith    .   b - +1 robe
rPois    +         Spirit   +   (helmet restricted)
rElec    .         Reflect  .   (no cloak)
rCorr    .         Harm     .   (gloves unavailable)
MR       .....                  (boots unavailable)
Stlth    +.........             u - amulet of guardian spirit
HPRegen  0.64/turn              m - ring of poison resistance
MPRegen  0.11/turn              n - +3 ring of evasion

@: paralysed, lethally poisoned (0 -> 0)
A: large, unfitting armour, claws 3, fast metabolism 3, gourmand, regeneration
1, shaggy fur 1, tough skin 2
a: Renounce Religion


You were on level 8 of the Dungeon.
You worshipped Ru.
Ru was noncommittal.
You were very full.

You visited 2 branches of the dungeon, and saw 9 of its levels.
You also visited: Sewer.

You collected 374 gold pieces.

Inventory:

Missiles
 c - 9 large rocks (quivered)
 d - 2 throwing nets
 j - 181 stones
 p - 13 tomahawks
Armour
 b - a +1 robe (worn)
Jewellery
 m - a ring of poison resistance (left claw)
 n - a +3 ring of evasion (right claw)
 t - a +3 ring of strength
 u - an amulet of guardian spirit (around neck)
Wands
 l - a wand of iceblast (6)
 A - a wand of flame (19)
Scrolls
 h - 2 scrolls of enchant armour
 s - 4 scrolls of remove curse
 v - 7 scrolls of teleportation
 w - 5 scrolls of fear
 y - a scroll of enchant weapon {unknown}
 B - a scroll of fog {unknown}
 C - a scroll of magic mapping
Potions
 a - 3 potions of lignification
 e - 8 potions of curing
 g - 2 potions of agility
 i - 2 potions of degeneration
 k - a potion of flight {unknown}
 o - 2 potions of mutation
 q - a potion of berserk rage {unknown}
 r - 7 potions of haste
 x - a potion of might {unknown}
 z - a potion of heal wounds {unknown}
 D - a potion of resistance {unknown}
Comestibles
 f - 17 rations
 E - 5 chunks of flesh


   Skills:
 - Level 4.1 Fighting
 - Level 6.0 Throwing
 - Level 6.0 Dodging
 - Level 0.3 Stealth
 + Level 8.3 Unarmed Combat


You had 8 spell levels left.
You didn't know any spells.
Your spell library contained the following spells:

 Spells                   Type           Power        Failure   Level  Hunger
 Beastly Appendage        Tmut           #.....       43%         1    ##.....
 Sticks to Snakes         Tmut           #.......     56%         2    ###....
 Spider Form              Tmut/Pois      #.........   80%         3    ####...
 Ice Form                 Ice/Tmut       #.......     99%         4    #####..
 Blade Hands              Tmut           #.........   100%        5    ######.


Dungeon Overview and Level Annotations

Branches:
Dungeon (8/15)             Temple (1/1) D:7
   Lair: D:8-11

Altars:
Ashenzari
Cheibriados
Dithmenos
Fedhas
Gozag
Hepliaklqana
Kikubaaqudgha
Nemelex Xobeh
Okawaru
Qazlal
Ru
Sif Muna
Trog
Uskayaw
Wu Jian
Yredelemnul
Zin
The Shining One
Lugonu


Innate Abilities, Weirdness & Mutations

You are too large for most types of armour.
You have claws for hands.
Your metabolism is lightning-fast.
You like to eat raw meat.
Your natural rate of healing is unusually fast.
You are covered in fur. (AC +1)
You have very tough skin. (AC +2)


Message History

You scratch the hornet.
The hornet is heavily wounded.
The hornet stings you!
You feel yourself slow down.
The hornet stings you but does no damage.
You miss the hornet.
The hornet is heavily wounded.
You feel yourself speed up. The hornet closely misses you.
The hornet stings you!
You are poisoned.
You scratch the hornet.
The hornet is severely wounded.
You feel sick. The hornet stings you!
You suddenly lose the ability to move!
You feel sick.
The hornet stings you! x2; You feel yourself slow down.
You feel yourself speed up. The hornet stings you!
* * * LOW HITPOINT WARNING * * *
You feel sick. The hornet stings you!
* * * LOW HITPOINT WARNING * * *
The hornet stings you!
You die...

####### ##.....##
#....#..# #.###.###
#.# #.## #.##.#@#
#.#.#y## #.##a#
#..### ###.#.#
.....## #...##
......####...#
<............#
.....#....##.#####
....##....#......###


You could see a soldier ant and a hornet.

Vanquished Creatures
  A hornet (D:8)
  Grinder (D:5)
  2 orc warriors
  An ice beast (D:6)
  A phantom (D:8)
  2 centaurs
  2 ogres
  A crocodile (D:7)
  A gnoll sergeant (D:7)
  2 scorpions
  5 wights (D:6)
  2 howler monkeys
  2 crimson imps
  A centaur zombie (D:5)
  4 orc priests
  A hound (D:5)
  A bullfrog skeleton (D:4)
  2 jellies
  2 iguanas (D:5)
  3 worker ants
  8 orc wizards
  A hound skeleton (D:5)
  A worker ant zombie (D:7)
  5 gnolls (D:7)
  11 adders
  5 river rats
  2 shadow imps
  4 oozes
  2 adder skeletons (D:5)
  2 adder zombies
  9 worms
  A dart slug (D:2)
  4 leopard geckos
  26 orcs
  9 ball pythons
  5 giant cockroaches
  11 goblins
  16 hobgoblins
  13 jackals
  2 quokkas
  9 bats
  15 frilled lizards
  9 kobolds
  A leopard gecko skeleton (D:4)
  A quokka skeleton (D:4)
  A quokka zombie (D:6)
  11 rats
221 creatures vanquished.

Notes
Turn   | Place    | Note
-------+----------+-------------------------------------------
     0 | D:1      | MisterFreud the Troll Hunter began the quest for the Orb.
     0 | D:1      | Reached XP level 1. HP: 19/19 MP: 0/0
    18 | D:1      | Reached skill level 1 in Unarmed Combat
   107 | D:1      | Reached XP level 2. HP: 25/27 MP: 1/1
   118 | D:1      | Reached skill level 2 in Unarmed Combat
   317 | D:1      | Reached XP level 3. HP: 31/33 MP: 2/2
   562 | D:2      | Reached skill level 3 in Unarmed Combat
   773 | D:2      | Reached XP level 4. HP: 41/41 MP: 3/3
   850 | D:2      | Reached skill level 4 in Unarmed Combat
  1052 | D:2      | Reached XP level 5. HP: 48/48 MP: 4/4
  1321 | D:2      | Found a bloodstained altar of Trog.
  1693 | D:3      | Reached skill level 5 in Unarmed Combat
  2058 | D:3      | Found a shattered altar of Ashenzari.
  2234 | D:3      | Reached XP level 6. HP: 55/55 MP: 5/5
  2267 | D:3      | Found a glowing golden altar of the Shining One.
  2269 | D:3      | Found an iron altar of Okawaru.
  2269 | D:3      | Found an opulent altar of Gozag.
  2443 | D:3      | Found a faded altar of an unknown god.
  2553 | D:4      | Reached skill level 6 in Unarmed Combat
  2700 | D:4      | Found a basalt altar of Yredelemnul.
  2940 | D:4      | Reached skill level 7 in Unarmed Combat
  3146 | D:5      | Entered Level 5 of the Dungeon
  3187 | D:5      | Reached XP level 7. HP: 59/62 MP: 6/6
  3221 | D:5      | Found a glowing drain.
  3222 | D:5      | Noticed a +0 hand axe
  3223 | D:5      | Noticed a +0 hand axe
  3243 | Sewer    | Entered a sewer
  3626 | D:5      | Found a hide-covered altar of Uskayaw.
  3724 | D:5      | Reached skill level 8 in Unarmed Combat
  3747 | D:5      | Found a deep blue altar of Sif Muna.
  4035 | D:5      | Noticed Grinder
  4042 | D:5      | Killed Grinder
  4042 | D:5      | Reached XP level 8. HP: 49/70 MP: 7/7
  4701 | D:6      | Found a snail-covered altar of Cheibriados.
  4701 | D:6      | Found a hazy altar of Hepliaklqana.
  4702 | D:6      | Found an ornate altar of the Wu Jian Council.
  4792 | D:6      | Found a snail-covered altar of Cheibriados.
  4871 | D:6      | Reached skill level 5 in Dodging
  5737 | D:7      | Found a staircase to the Ecumenical Temple.
  5749 | Temple   | Entered the Ecumenical Temple
  5789 | Temple   | Became a worshipper of Ru the Awakened
  5873 | D:7      | Reached XP level 9. HP: 69/84 MP: 6/8
  6426 | D:8      | Paralysed by a hornet for 1 turns
  6430 | D:8      | Reached skill level 5 in Throwing
  6644 | D:8      | Found a shadowy altar of Dithmenos.
  6683 | D:8      | Paralysed by a hornet for 3 turns
  6686 | D:8      | Slain by a hornet

Vault maps used:
D:1:      lightli_arrival_boilingwater
D:2:      lightli_temple_of_fire
D:3:      cheibrodos_ashenzari_chains, grunt_temple_overflow_diamond,
          chequers_ecumenical_altar_grove, minmay_pentomino_pile
D:4:      nicolae_overflow_hidden_temple, serial_bayou_pond_d
D:5:      dancing_weapons_uskayaw, nicolae_overflow_crystal_walls,
          portal_sewer_entry_a, first_ration, uniq_grinder
D:6:      gammafunk_temple_overflow_claw, cheibriados_altar_1
D:7:      temple_hall
D:8:      grunt_temple_overflow_lords_of_destruction, kennysheep_mini_moat,
          serial_park_tiny_1, hangedman_pestilent_swarm, grunt_dithmenos_shadows
Temple:   corrupted_temple
Sewer:    sewer_co_cracked_pipes

Skill      XL: |  1  2  3  4  5  6  7  8  9 |
---------------+----------------------------+-----
Unarmed Combat | 1 2 3 4 5 7 8 |  8.3
Dodging        | 4 6 |  6.0
Fighting       | 4 |  4.1
Throwing       | 6 |  6.0
Stealth        | |  0.3

Action                   |  1- 3 |  4- 6 |  7- 9 || total
-------------------------+-------+-------+-------++-------
Melee: Unarmed           |   140 |   181 |   314 ||   635
       Punch             |     1 |     5 |    11 ||    17
Throw: Large rock        |       |       |     2 ||     2
  Use: Scroll            |       |     1 |    12 ||    13
       Potion            |       |       |     2 ||     2
 Stab: Sleeping          |     1 |     4 |     2 ||     7
  Eat: Chunk             |    13 |    19 |    35 ||    67
Armor: Robe              |    74 |    57 |    62 ||   193
       Skin              |       |       |     2 ||     2
Dodge: Dodged            |   101 |    73 |   153 ||   327

Table legend:
 A = Non-vault XP
 B = Vault XP
 C = Vault XP percentage of total XP
 D = Non-vault monster count
 E = Vault monster count
 F = Vault count percentage of total count
                 A         B        C        D         E       F
            +---------+---------+-------+---------+---------+-------
      Total |    3370 |     547 |  14.0 |     190 |      31 |  14.0
            +---------+---------+-------+---------+---------+-------
        D:1 |      49 |       0 |   0.0 |      29 |       0 |   0.0
        D:2 |     176 |       0 |   0.0 |      39 |       0 |   0.0
        D:3 |     148 |      20 |  11.9 |      26 |       5 |  16.1
        D:4 |     267 |       0 |   0.0 |      13 |       0 |   0.0
        D:5 |     633 |     333 |  34.5 |      27 |       6 |  18.2
        D:6 |     803 |       0 |   0.0 |      18 |       0 |   0.0
        D:7 |     578 |       0 |   0.0 |      21 |       0 |   0.0
        D:8 |     716 |     126 |  15.0 |      17 |       2 |  10.5
      Sewer |       0 |      68 | 100.0 |       0 |      18 | 100.0
            +---------+---------+-------+---------+---------+-------
